 Dungeon Crawl Stone Soup version 0.25-a0-1079-g858b6a6ff6 (webtiles) character file.

Game seed: 3356825968601716356, levelgen mode: deterministic

2087 Esekla the Magician (level 9, 0/56 (57) HPs)
             Began as an Octopode Wizard on May 15, 2020.
             Was a Priest of Vehumet.
             Succumbed to Harold's poison
             ... on level 8 of the Dungeon.
             The game lasted 00:59:42 (7508 turns).

Esekla the Magician (Octopode Wizard)               Turns: 7508, Time: 00:59:43

HP:   0/56 (57)     AC:  3    Str:  6    XL:     9   Next: 27%
MP:   8/18          EV: 14    Int: 23    God:    Vehumet [***...]
Gold: 257           SH:  0    Dex: 11    Spells: 9/20 levels left

rFire    + . .     SeeInvis .   l - +1 dagger (holy)
rCold    . . .     Gourm    .   (no shield)
rNeg     . . .     Faith    .   a - +2 hat
rPois    .         Spirit   .   r - amulet of regeneration
rElec    .         Reflect  .   p - ring of flight
rCorr    .         Harm     .   m - ring of protection from fire
MR       .....                  (no ring)
Stlth    ++++......             (no ring)
HPRegen  0.58/turn              (no ring)
MPRegen  0.16/turn              (no ring)
                                (no ring)
                                (no ring)

@: lethally poisoned (0 -> -13), stab, hasted, very quick
A: almost no armour, stealthy swim, amphibious, 8 rings, constrict 8, camouflage
1, gelatinous body 1
a: Renounce Religion, Evoke Flight


You were on level 8 of the Dungeon.
You worshipped Vehumet.
Vehumet was most pleased with you.
You were hungry.

You visited 2 branches of the dungeon, and saw 9 of its levels.

You collected 257 gold pieces.

Inventory:

Hand Weapons
 l - a +1 dagger of holy wrath (weapon)
 q - the +9 trident of Qiosoets {antimagic, rF+ Int+3}
   (You found it on level 5 of the Dungeon)

   It reduces the magical energy of the wielder, and disrupts the spells and
   magical abilities of those hit.
   Natural abilities and divine invocations are not affected.
   It affects your intelligence (+3).
   It protects you from fire.
 y - a +2 spear of freezing
Missiles
 n - 5 poisoned darts (quivered)
 o - 4 curare-tipped darts
Armour
 a - a +2 hat (worn)
Magical Staves
 A - an uncursed staff of wizardry
Jewellery
 m - a ring of protection from fire (right tentacle)
 p - a ring of flight (left tentacle)
 r - an amulet of regeneration (around mantle)
Wands
 B - a wand of disintegration (3)
Scrolls
 b - 2 scrolls of vulnerability {unknown}
 c - a scroll of fear
 d - a scroll of enchant armour
 e - 2 scrolls of fog {unknown}
 f - 2 scrolls of enchant weapon
 h - a scroll of identify
 j - a scroll of torment {unknown}
 k - 3 scrolls of teleportation
 t - 3 scrolls of magic mapping {unknown}
 v - 2 scrolls of noise {unknown}
 x - 2 scrolls of remove curse {unknown}
Potions
 g - 5 potions of lignification
 i - a potion of flight
 w - 2 potions of degeneration
 z - a potion of stabbing
 C - a potion of invisibility {unknown}
Comestibles
 s - 14 rations


   Skills:
 * Level 3.4 Fighting
 + Level 2.2 Short Blades
 + Level 1.2 Throwing
 + Level 3.1 Dodging
 + Level 4.5 Stealth
 * Level 6.0 Spellcasting
 * Level 4.3 Conjurations
   Level 1.0 Summonings
 * Level 3.9 Translocations
 * Level 3.4 Fire Magic
 * Level 3.2 Air Magic
 * Level 3.7 Poison Magic


You had 9 spell levels left.
You knew the following spells:

 Your Spells              Type           Power        Failure   Level  Hunger
a - Magic Dart            Conj           ####         1%          1    None
b - Blink                 Tloc           N/A          2%          2    None
c - Mephitic Cloud        Conj/Pois/Air  ###.....     1%          3    #......
e - Searing Ray           Conj           ####..       1%          2    None
f - Conjure Flame         Conj/Fire      ###.....     1%          3    #......

Your spell library contained the following spells:

 Spells                   Type           Power        Failure   Level  Hunger
 Dazzling Flash           Conj/Hex       ###...       3%          3    #......
 Call Imp                 Summ           ##......     9%          2    None
 Slow                     Hex            #.......     13%         2    None


Dungeon Overview and Level Annotations

Branches:
Dungeon (8/15)             Temple (1/1) D:6
   Lair: D:8-11

Altars:
Ashenzari
Dithmenos
Elyvilon
Fedhas
Gozag
Hepliaklqana
Kikubaaqudgha
Makhleb
Nemelex Xobeh
Okawaru
Qazlal
Ru
Sif Muna
Trog
Uskayaw
Vehumet
Wu Jian
Xom
Yredelemnul
Zin
Lugonu

Annotations:
D:6 Prince Ribbit
D:8 Harold


Innate Abilities, Weirdness & Mutations

You cannot wear most types of armour.
You are very stealthy in the water. (Stealth+)
You are amphibious.
You can wear up to eight rings at the same time.
You can use your tentacles to constrict eight enemies at once.
Your skin changes colour to match your surroundings (Stealth+).
Your rubbery body absorbs attacks. (AC +1, EV +1)


Message History

You finish channeling your searing ray.
You feel sick.
Harold hits you with a +3 battleaxe of venom!!
* * * LOW HITPOINT WARNING * * *
You are lethally poisoned!
Okay, then.
Casting: Searing Ray (safe; 1% risk of failure)
Confirm with . or Enter, or press ? or * to list all spells.
You blink.
* * * LOW HITPOINT WARNING * * *
You feel very sick.
As you read the scroll of identify, it crumbles to dust.
w - 2 potions of degeneration
* * * LOW HITPOINT WARNING * * *
You feel sick.
It was a potion of stabbing.
You feel ready to backstab.
* * * LOW HITPOINT WARNING * * *
You feel very sick.
It was a potion of haste.
You feel yourself speed up.
You die...

#.....##.##...# # ...#
##.........(...### .. ...^
##..#.............##.# #
#...#.###..###.......# .. #
##...#..###.# #.......# ... #
#.......###.###.......####.####
#............#.................
##...##...##.##................
#...####..#..@................
##....###....###@.............
######.####...## ##.............
##..##..#.....#######............
#.......##......#..##............
###....###....................###
#........................#..#..
####....................###.#..
#............##.##....##...#


You could see Harold (confused).

Vanquished Creatures
  A spriggan (D:8)
  3 yaks (D:7)
  2 black bears (D:7)
  A sky beast (D:6)
  2 necrophages
  A phantom (D:5)
  An ogre (D:7)
  A centaur (D:8)
  A crocodile (D:7)
  A scorpion (D:6)
  3 crimson imps
  A centaur zombie (D:8)
  4 hounds
  2 gnoll shamans
  A bullfrog zombie (D:7)
  An orc priest (D:6)
  A jelly (D:7)
  An orc wizard (D:5)
  Jessica (D:2)
  An iguana (D:5)
  A worker ant (D:8)
  A hound skeleton (D:7)
  5 adders
  13 gnolls
  2 shadow imps
  A worm (D:2)
  4 dart slugs (D:1)
  2 leopard geckos
  6 orcs
  5 bats
  9 giant cockroaches
  5 goblins
  4 hobgoblins
  2 quokkas
  4 frilled lizards
  3 kobolds
  2 leopard gecko skeletons
  A quokka skeleton (D:5)
  A quokka zombie (D:6)
  10 rats
111 creatures vanquished.

Vanquished Creatures (others)
  A bush (D:7)
1 creature vanquished.

Grand Total: 112 creatures vanquished

Notes
Turn   | Place    | Note
-------+----------+-------------------------------------------
     0 | D:1      | Esekla the Octopode Wizard began the quest for the Orb.
     0 | D:1      | Reached XP level 1. HP: 11/11 MP: 4/4
   214 | D:2      | Noticed Jessica
   414 | D:2      | Found a radiant altar of Vehumet.
   436 | D:2      | Became a worshipper of Vehumet
   622 | D:1      | Reached XP level 2. HP: 17/17 MP: 4/6
   626 | D:1      | Learned a level 2 spell: Blink
  1285 | D:3      | Reached XP level 3. HP: 9/21 MP: 4/8
  1663 | D:4      | Noticed a scorpion
  1670 | D:5      | Entered Level 5 of the Dungeon
  1770 | D:4      | Learned a level 3 spell: Mephitic Cloud
  1774 | D:4      | Learned a level 3 spell: Conjure Flame
  1782 | D:4      | Found a basalt altar of Yredelemnul.
  1836 | D:4      | Noticed a scorpion
  1845 | D:4      | Noticed a phantom
  2119 | D:1      | Reached * piety under Vehumet
  2119 | D:1      | Offered knowledge of Foxfire by Vehumet.
  2387 | D:1      | Reached XP level 4. HP: 27/27 MP: 9/9
  2846 | D:2      | Reached skill level 1 in Fire Magic
  2955 | D:2      | Killed Jessica
  2955 | D:2      | Reached skill level 4 in Spellcasting
  3256 | D:4      | Reached XP level 5. HP: 23/32 MP: 7/11
  3578 | D:5      | Found a burning altar of Makhleb.
  3592 | D:5      | Found a sacrificial altar of Ru.
  3592 | D:5      | Found a sparkling altar of Nemelex Xobeh.
  3607 | D:5      | Got an ivory trident
  3613 | D:5      | Identified the +9 trident of Qiosoets {antimagic, rF+
                  | Int+3} (You found it on level 5 of the Dungeon)
  3704 | D:5      | Reached skill level 1 in Fighting
  3704 | D:5      | Reached skill level 1 in Short Blades
  3704 | D:5      | Reached skill level 1 in Poison Magic
  3967 | D:6      | Reached skill level 1 in Air Magic
  4033 | D:6      | Reached ** piety under Vehumet
  4033 | D:6      | Offered knowledge of Searing Ray by Vehumet.
  4065 | D:6      | Reached XP level 6. HP: 4/38 MP: 3/12
  4069 | D:6      | Learned a level 2 spell: Searing Ray
  4125 | D:6      | Found a shattered altar of Ashenzari.
  4132 | D:6      | Found an ancient bone altar of Kikubaaqudgha.
  4135 | D:6      | Found an ornate altar of the Wu Jian Council.
  4146 | D:6      | Noticed Prince Ribbit
  4689 | D:6      | Noticed a sky beast
  4776 | D:7      | Noticed a black bear
  4786 | D:7      | Killed a black bear
  4789 | D:7      | Reached XP level 7. HP: 29/44 MP: 6/13
  4849 | D:7      | Noticed a yak
  4849 | D:7      | Noticed a yak
  4849 | D:7      | Noticed a yak
  4918 | D:6      | Found a staircase to the Ecumenical Temple.
  5043 | Temple   | Entered the Ecumenical Temple
  5194 | D:7      | Noticed a yak
  5413 | D:5      | Found an iron altar of Okawaru.
  5820 | D:6      | Got an ichor-stained flail
  5830 | D:6      | Identified the +3 flail of the Unspeakable One {vorpal,
                  | Dex+4} (You found it on level 6 of the Dungeon)
  5879 | D:7      | Reached XP level 8. HP: 46/51 MP: 4/15
  5879 | D:7      | Killed a yak
  5881 | D:7      | Killed a yak
  5881 | D:7      | Reached skill level 5 in Spellcasting
  5891 | D:7      | Killed a yak
  6022 | D:7      | Found a bloodstained altar of Trog.
  6217 | D:7      | Offered knowledge of Dazzling Flash by Vehumet.
  6423 | D:7      | Reached *** piety under Vehumet
  6448 | D:7      | Found a glowing silver altar of Zin.
  6671 | D:7      | Reached skill level 1 in Throwing
  6671 | D:7      | Reached XP level 9. HP: 56/56 MP: 12/17
  6902 | D:8      | Noticed a two-headed ogre
  7095 | D:8      | Found a hazy altar of Hepliaklqana.
  7096 | D:8      | Found a shimmering altar of Xom.
  7097 | D:8      | Noticed a spectral ugly thing
  7097 | D:8      | Noticed a tentacled monstrosity
  7119 | D:8      | Found a stormy altar of Qazlal.
  7435 | D:8      | Reached skill level 6 in Spellcasting
  7473 | D:8      | Noticed Harold
  7507 | D:8      | HP: 2/56 [poisoned by Harold]
  7508 | D:8      | Succumbed to Harold's poison

Illustrated notes

Levels and vault maps discovered:
D:1:      tarquinn_simple_flora_water_e, layout_basic, minmay_worlds_worst_comb
D:2:      layout_basic, vehumet_crystals, hangedman_decor_lopped,
          grunt_ministairs_7, uniq_jessica
D:3:      layout_basic
D:4:      layout_cave_pods, yredelemnul_altar_generic
D:5:      layout_rooms, kennysheep_okawaru_gauntlet, lemuel_doored_altar,
          amethyst_overflow_temple_binary, first_ration, grunt_ministairs_5,
          serial_bayou_pond_c
D:6:      cheibrodos_iron_armory, layout_basic, grunt_temple_overflow_diamond,
          minmay_temple_entry_proselytizer, nicolae_ossuary_entry_monument,
          uniq_prince_ribbit1
D:7:      layout_loops_ring, trog_ov_bears_minmay, zin_academy
D:8:      layout_cave_pools, regret_index_temple_of_mockery, old_standard_altar,
          nicolae_qazlal_general_emergency, lair_entry_dummy, the_bakery,
          uniq_harold
Temple:   corrupted_temple

Skill      XL: |  1  2  3  4  5  6  7  8  9 |
---------------+----------------------------+-----
Fire Magic     | 1 2 3 |  3.4
Spellcasting   | 4 5 6 |  6.0
Fighting       | 1 2 3 |  3.4
Short Blades   | 1 2 |  2.2
Stealth        | 3 4 |  4.5
Poison Magic   | 1 2 3 |  3.7
Air Magic      | 1 2 3 |  3.2
Conjurations   | 2 3 4 |  4.3
Translocations | 2 3 |  3.9
Dodging        | 3 |  3.1
Throwing       | 1 |  1.2
Summonings     | |  1.0

Action                   |  1- 3 |  4- 6 |  7- 9 || total
-------------------------+-------+-------+-------++-------
Melee: Short sword       |    60 |    92 |    20 ||   172
       Constrict         |    16 |    24 |    12 ||    52
       Tentacles         |     7 |     8 |     4 ||    19
       Dagger            |       |       |    30 ||    30
Throw: Dart              |       |     2 |    19 ||    21
 Cast: Magic Dart        |    50 |    54 |    16 ||   120
       Mephitic Cloud    |       |     5 |     8 ||    13
       Blink             |       |     4 |     8 ||    12
       Searing Ray       |       |     2 |    29 ||    31
       Conjure Flame     |       |       |     5 ||     5
  Use: Scroll            |       |     9 |     1 ||    10
       Potion            |       |     1 |     2 ||     3
 Stab: Sleeping          |     5 |     8 |     2 ||    15
       Confused          |       |       |     5 ||     5
  Eat: Chunk             |     1 |     3 |     3 ||     7
       Ration            |     1 |     1 |     2 ||     4
Armor: Skin              |     4 |    19 |    10 ||    33
Dodge: Dodged            |    39 |    60 |    58 ||   157

Table legend:
 A = Non-vault XP
 B = Vault XP
 C = Vault XP percentage of total XP
 D = Non-vault monster count
 E = Vault monster count
 F = Vault count percentage of total count
                 A         B        C        D         E       F
            +---------+---------+-------+---------+---------+-------
      Total |    2355 |     627 |  21.0 |      95 |      16 |  14.4
            +---------+---------+-------+---------+---------+-------
        D:1 |      43 |      12 |  21.8 |      21 |       6 |  22.2
        D:2 |      48 |      40 |  45.5 |      15 |       3 |  16.7
        D:3 |      21 |       0 |   0.0 |       5 |       0 |   0.0
        D:4 |      16 |       0 |   0.0 |       2 |       0 |   0.0
        D:5 |     270 |      47 |  14.8 |      10 |       3 |  23.1
        D:6 |     415 |      41 |   9.0 |      16 |       1 |   5.9
        D:7 |    1145 |     267 |  18.9 |      19 |       2 |   9.5
        D:8 |     397 |     220 |  35.7 |       7 |       1 |  12.5
            +---------+---------+-------+---------+---------+-------
